AoeStats
← Ger_Ald

Arabia

508310824Analyzed
1v1 RM · 11d ago on Sep 21, 2026· 36m 4s· 2 players
Game mode
Random Map
Map size
Tiny (2 player)
Population
200
Speed
Normal
Resources
Standard
Victory
Conquest
Starting age
Dark Age
Ending age
Imperial Age
RankedLock teamsTeams togetherTeam positionsShared explorationLock speedFull tech treeHidden civsTurbo modeCheats
Victory
Defeat
🇩🇪 Magyars · Germany
1093
+45
🇺🇸 Ethiopians · United States
1088
-16
Scoop20
6:51 Loom
10:13 Feudal Age
10:22 Man-at-Arms
11:04 Double-Bit Axe
21:45 Castle Age
21:38 Horse Collar
22:37 Fletching
23:02 Bow Saw
22:15 Crossbowman
26:02 Wheelbarrow
26:00 Bodkin Arrow
26:52 Gold Mining
28:59 Padded Archer Armor
31:08 Stone Mining
35:21 Scale Mail Armor
Ger_Ald
6:46 Loom
9:46 Feudal Age
14:34 Double-Bit Axe
19:32 Horse Collar
24:42 Castle Age
23:06 Stone Mining
24:24 Gold Mining
24:46 Scale Barding Armor
24:55 Bloodlines
25:24 Wheelbarrow
27:11 Husbandry
29:00 Chain Barding Armor
30:29 Gold Shaft Mining
34:45 Hand Cart
Connection lost

Rejoining the realm…

Still unreachable

The connection could not be restored.

Session expired

The server has moved on; the page needs a fresh start.